 Dungeon Sprint DCSS version 0.17-a0-1753-g75d4604 (webtiles) character file.

672 KambridgeKobold the Unseen (level 7, 0/33 HPs)
             Began as a Spriggan Assassin on Sept 2, 2015.
             Was the Champion of Jiyva.
             Slain by a centaur warrior (8 damage)
             ... in the Dungeon (Sprint I: "Red Sonja").
             The game lasted 00:07:54 (445 turns).

KambridgeKobold the Unseen (Spriggan Assassin)       Turns: 445, Time: 00:07:54

Health: 0/33       AC:  4    Str:  8    XL:     7   Next: 32%
Magic:  16/16      EV: 26    Int: 11    God:    Jiyva [******]
Gold:   91         SH:  0    Dex: 20    Spells: 0 memorised, 6 levels left

rFire  x . .     SeeInvis +     a - +3 dagger "Joetuf" {freeze, +Inv rF- rC+ MR-}
rCold  + . .     Clarity  .     c - +0 robe
rNeg   . . .     SustAt   .     (shield restricted)
rPois  .         Gourm    .     (helmet restricted)
rElec  .         Spirit   .     d - +0 cloak
rCorr  +         Warding  .     (gloves unavailable)
rMut   .         NoTele   +     (boots unavailable)
MR     .....                    (no amulet)
Stlth  ++++++++..               (no ring)
                                (no ring)

@: very quick, not resistant to hostile enchantments, extraordinarily stealthy
A: unfitting armour, see invisible, herbivore 3, speed 3, slow metabolism 2,
gelatinous body 1
a: Request Jelly, Jelly Paralyse, Slimify, Cure Bad Mutation, Renounce Religion,
Evoke Invisibility


You were in the Dungeon.
You worshipped Jiyva.
Jiyva was exalted by your worship.
You were completely stuffed.

You visited 1 branch You collected 405 gold pieces.
You spent 314 gold pieces at shops.

Inventory:

Hand weapons
 a - the +3 dagger "Joetuf" (weapon) {freeze, +Inv rF- rC+ MR-}
   (You bought it in a shop in the Dungeon)

   It has been specially enchanted to freeze those struck by it, causing extra
   injury to most foes and up to half again as much damage against particularly
   susceptible opponents.
   It can also slow down cold-blooded creatures.
   It makes you vulnerable to fire.
   It protects you from cold.
   It affects your resistance to hostile enchantments.
   It lets you turn invisible.
 b - a +0 blowgun
 g - a +2 dagger
Missiles
 e - 2 poisoned needles
 f - 2 curare-tipped needles
 k - 6 needles of sleeping
 p - 2 arrows
Armour
 c - a +0 robe (worn)
 d - a +0 cloak (worn)
Magical devices
 n - a wand of polymorph (2)
Scrolls
 m - 2 scrolls of blinking
Potions
 h - a potion of curing
 i - a potion of heal wounds
 j - a potion of haste
 l - a potion of berserk rage
 o - a potion of invisibility {unknown}


   Skills:
 - Level 1.5 Fighting
 + Level 6.9 Short Blades
 - Level 2.1 Throwing
 + Level 8.8 Dodging
 + Level 16.1 Stealth
 - Level 10.9 Evocations


You had 6 spell levels left.
You didn't know any spells.

Dungeon Overview and Level Annotations

Branches:
Dungeon (1/1)

Altars:
Cheibriados
Dithmenos
Elyvilon
Fedhas
Gozag
Kikubaaqudgha
Makhleb
Nemelex Xobeh
Okawaru
Qazlal
Ru
Sif Muna
Trog
Vehumet
Xom
Yredelemnul
Zin
The Shining One
Jiyva

Shops:
D (

Annotations:
D Sonja


Innate Abilities, Weirdness & Mutations

You are tiny and cannot use many weapons and most armour.
You have supernaturally acute eyesight.
You are a herbivore.
You cover ground extremely quickly.
You need consume almost no food.
Your rubbery body absorbs attacks (AC +1).


Message History

Your acid blob spits acid at Sonja.
The splash of acid hits Sonja.
You hit the centaur warrior but do no damage.
The centaur warrior is almost dead.
The centaur warrior unwields an uncursed longbow.
The centaur warrior completely misses you.
Sonja shoots a curare-tipped needle.
The curare-tipped needle hits your acid blob.
You hit the centaur warrior but do no damage.
The centaur warrior is almost dead.
Your death ooze dissolves into a puddle of slime!
The centaur warrior hits you!
* * * LOW HITPOINT WARNING * * *
You shudder from the blow and a jelly pops out!
You hear a slurping noise.
You feel a little less hungry.
You feel better.
You hit the centaur warrior but do no damage.
The centaur warrior is almost dead.
The centaur warrior hits you!
You die...

######################
#<.#..'..#..'..#__#..+
#..'..#..'..#..J..'..#
#J.#####'#####.#__####
#..####..#..J#.####(§
#.†#__####..##@#§J≈§c
#.J#_..__##'#J.c(§§§§
#⌠⌠#_.∩...'..(§#≈§§§
####_..._##_J#'##+##
#_____###K#.# #######
#.### . .


You could see a centaur warrior, Sonja, a neutral slime creature (fellow slime),
a friendly acid blob and a friendly azure jelly.

Vanquished Creatures
  Sigmund (D)
  An ogre (D)
  Ijyb (D)
3 creatures vanquished.

Vanquished Creatures (collateral kills)
  A centaur warrior (D)
1 creature vanquished.

Vanquished Creatures (others)
  A shining eye (D)
  A gargoyle (D)
  A yak (D)
  5 jellies (D)
  A giant eyeball (D)
  2 giant spores (D)
11 creatures vanquished.

Grand Total: 15 creatures vanquished

Notes
Turn   | Place    | Note
--------------------------------------------------------------
     0 | D        | KambridgeKobold the Spriggan Assassin began the quest for the Orb.
     0 | D        | Reached XP level 1. HP: 10/10 MP: 2/2
     1 | D        | Noticed Ijyb
     4 | D        | Killed Ijyb
     4 | D        | Reached skill level 5 in Dodging
     4 | D        | Reached skill level 7 in Stealth
     4 | D        | Reached XP level 2. HP: 14/14 MP: 3/3
     7 | D        | Noticed an ogre
    10 | D        | Killed an ogre
    10 | D        | Reached skill level 10 in Stealth
    10 | D        | Reached XP level 3. HP: 18/18 MP: 3/8
    10 | D        | Reached XP level 4. HP: 22/22 MP: 3/9
    67 | D        | Noticed Sigmund
    90 | D        | Killed Sigmund
    90 | D        | Reached skill level 13 in Stealth
    90 | D        | Reached XP level 5. HP: 18/25 MP: 10/13
    90 | D        | Reached XP level 6. HP: 21/30 MP: 10/14
   175 | D        | Found a snail-covered altar of Cheibriados.
   175 | D        | Found a viscous altar of Jiyva.
   175 | D        | Found a shadowy altar of Dithmenos.
   175 | D        | Found a blossoming altar of Fedhas.
   175 | D        | Noticed a slime creature
   178 | D        | Became a worshipper of Jiyva Juexus the Shapeless
   185 | D        | Found a deep blue altar of Sif Muna.
   185 | D        | Noticed a jelly
   187 | D        | Found a radiant altar of Vehumet.
   192 | D        | Acquired Jiyva's first power
   195 | D        | Acquired Jiyva's second power
   196 | D        | Noticed a centaur warrior
   208 | D        | Acquired Jiyva's third power
   208 | D        | Gained mutation: You possess an exceptional clarity of mind. [Jiyva's grace]
   214 | D        | Found Oduekaongi's Weapon Emporium.
   214 | D        | Found a white marble altar of Elyvilon.
   214 | D        | Found a stormy altar of Qazlal.
   214 | D        | Found a burning altar of Makhleb.
   214 | D        | Found a sacrificial altar of Ru.
   214 | D        | Found a basalt altar of Yredelemnul.
   214 | D        | Found a glowing golden altar of the Shining One.
   214 | D        | Found a sparkling altar of Nemelex Xobeh.
   214 | D        | Found a shimmering altar of Xom.
   214 | D        | Found an opulent altar of Gozag.
   214 | D        | Found an ancient bone altar of Kikubaaqudgha.
   214 | D        | Found a glowing silver altar of Zin.
   214 | D        | Noticed a yak
   254 | D        | Killed a yak
   254 | D        | Reached skill level 14 in Stealth
   254 | D        | Reached skill level 10 in Evocations
   262 | D        | Acquired Jiyva's fourth power
   262 | D        | Lost mutation: You possess an exceptional clarity of mind. [Jiyva's grace]
   262 | D        | Gained mutation: Armour fits poorly on your strangely shaped body. [Jiyva's grace]
   371 | D        | Lost mutation: Armour fits poorly on your strangely shaped body. [Jiyva's grace]
   381 | D        | Gained mutation: Your rubbery body absorbs attacks (AC +1). [Jiyva's grace]
   388 | D        | Killed a shining eye
   402 | D        | Found an iron altar of Okawaru.
   403 | D        | Found a bloodstained altar of Trog.
   407 | D        | Bought the +3 dagger "Joetuf" {freeze, +Inv rF- rC+ MR-} for 284 gold pieces
   407 | D        | Bought 6 needles of sleeping for 30 gold pieces
   427 | D        | Gained mutation: Your muscles are strong. (Str +2) [Jiyva's grace]
   429 | D        | Noticed a centaur warrior
   434 | D        | Lost mutation: Your muscles are strong. (Str +2) [Jiyva's grace]
   438 | D        | Killed a centaur warrior
   438 | D        | Reached skill level 16 in Stealth
   438 | D        | Reached XP level 7. HP: 20/33 MP: 16/16
   438 | D        | Killed a gargoyle
   441 | D        | Noticed Sonja
   445 | D        | Slain by a centaur warrior

Vault maps used:
D:        dungeon_sprint_1

Action                   |  1- 3 |  4- 6 |  7- 9 || total
-------------------------+-------+-------+-------++-------
Melee: Dagger            |     2 |    29 |     3 ||    34
 Fire: Blowgun           |       |     5 |     1 ||     6
Evoke: Wand              |       |     1 |       ||     1
 Stab: Sleeping          |     2 |       |       ||     2
